 Dungeon Crawl Stone Soup version 0.28-a0-863-g8cecda6153 (webtiles) character file.

Game seed: 4469410247155737013

46 dracfodder the Skirmisher (level 3, -3/24 HPs)
             Began as a Gargoyle Berserker on Nov 18, 2021.
             Was a Believer of Trog.
             Killed from afar by Terence (4 damage)
             ... with a puff of flame
             ... on level 3 of the Dungeon.
             The game lasted 00:05:40 (2432 turns).

dracfodder the Skirmisher (Gargoyle Berserker)      Turns: 2432, Time: 00:05:40

Health: -3/24      AC:  9    Str: 21    XL:     3   Next: 68%
Magic:  3/3        EV: 10    Int:  7    God:    Trog [**....]
Gold:   71         SH:  0    Dex:  9    Spells: 2/2 levels left

rFire   . . .      SeeInvis .   a - +1 mace
rCold   . . .      Faith    .   (no shield)
rNeg    + . .      Spirit   .   c - +0 scale mail {Will+}
rPois   ∞          Reflect  .   (no helmet)
rElec   +          Harm     .   (no cloak)
rCorr   .          Rampage  .   (no gloves)
Will    +....                   (no boots)
Stlth   ..........              (no amulet)
HPRegen 0.08/turn               (no ring)
MPRegen 0.08/turn               (no ring)

@: no status effects
A: sickness immunity, AC +3, negative energy resistance 1, electricity
resistance, torment resistance 1, petrification resistance
a: Renounce Religion, Berserk, Trog's Hand


You were on level 3 of the Dungeon.
You worshipped Trog.
Trog was pleased with you.
You visited 1 branch of the dungeon, and saw 4 of its levels.

You collected 71 gold pieces.

Inventory:

Hand Weapons
 a - a +1 mace (weapon)
Missiles
 d - 19 sling bullets
 g - 46 stones
 l - 26 bolts
 o - 22 arrows
 q - 8 poisoned darts (quivered)
Armour
 c - a +0 scale mail of willpower (worn)
Jewellery
 n - an amulet of magic regeneration
Potions
 b - a potion of ambrosia {unknown}
 e - a potion of lignification {unknown}
 f - a potion of resistance {unknown}
 m - a potion of brilliance {unknown}
 r - a potion of might {unknown}


   Skills:
 * Level 4.1 Fighting
 + Level 3.6 Maces & Flails
 + Level 2.5 Armour
 + Level 1.7 Dodging


You had 2 spell levels left.
You didn't know any spells.
Your spell library was empty.

Dungeon Overview and Level Annotations

Branches:
Dungeon (4/15)
 Temple: D:4-7

Altars:

Annotations:
D:3 Terence
D:4 Eustachio


Innate Abilities, Weirdness & Mutations

You are immune to sickness and miasma.
Your stone body is resilient. (AC +3)
You are immune to poison.
You resist negative energy. (rN+)
You are resistant to electric shocks. (rElec)
You are resistant to unholy torment.
You are immune to petrification.


Message History

The hobgoblin hits your ball python.
Your ball python dies!
Your ball python's corpse dissolves into shadows!
You sock the hobgoblin!
You kill the hobgoblin!
Trog accepts your kill.
Your rat dissolves into shadows!
A kobold comes into view. It is wielding a +0 whip.
You sock the kobold!
You kill the kobold!
Trog accepts your kill.
Things that are here:
a +0 whip; a kobold corpse
As you read the scroll labelled HYARRIE NEUGUP, it crumbles to dust.
It is a scroll of amnesia.
You feel forgetful for a moment.
Terence the Incautious comes into view.
He is wielding a +0 short sword, wearing a +1 scale mail of fire resistance and carrying a wand of flame (18).
Terence zaps a wand.
The puff of flame hits you.
Unknown command.
Terence zaps a wand.
The puff of flame hits you.
You are too injured to fight recklessly!
Terence zaps a wand.
The puff of flame misses you.
Terence zaps a wand.
The puff of flame hits you. Terence hits you with a +0 short sword.
You hit Terence but do no damage. Terence hits you with a +0 short sword.
* * * LOW HITPOINT WARNING * * *
You sock Terence!
Terence is heavily wounded.
Terence barely misses you.
You closely miss Terence.
Terence is heavily wounded.
Terence hits you with a +0 short sword.
* * * LOW HITPOINT WARNING * * *
You barely miss Terence.
Terence is heavily wounded.
Terence closely misses you. Terence barely misses you.
You hit Terence but do no damage.
Terence is heavily wounded.
Terence zaps a wand.
The puff of flame hits you.
You die...

#############
#............
#.##.#######.####.######
......@@......# #.......
#..#.#######..# #.######
#..# #.# #..# #.# #..#
#.# #..# #.# #... ..#
..# ###


You could see Terence.

Vanquished Creatures
  2 worms (D:2)
  4 endoplasms (D:2)
  3 giant cockroaches
  4 goblins
  4 hobgoblins
  2 quokkas
  6 ball pythons
  2 bats
  2 frilled lizards (D:1)
  4 kobolds
  4 rats
37 creatures vanquished.

Vanquished Creatures (others)
  2 plants (D:2)
2 creatures vanquished.

Grand Total: 39 creatures vanquished

Notes
Turn   | Place    | Note
-------+----------+-------------------------------------------
     0 | D:1      | dracfodder the Gargoyle Berserker began the quest for the
                  | Orb.
     0 | D:1      | Reached XP level 1. HP: 14/14 MP: 1/1
   338 | D:1      | Reached XP level 2. HP: 18/19 MP: 2/2
  1261 | D:2      | Reached skill level 4 in Fighting
  1261 | D:2      | Reached XP level 3. HP: 24/24 MP: 3/3
  1266 | D:2      | Reached ** piety under Trog
  2326 | D:4      | Noticed Eustachio
  2422 | D:3      | Noticed Terence
  2430 | D:3      | HP: 1/24 [Terence (5)]
  2432 | D:3      | Killed from afar by Terence

Illustrated notes

Levels and vault maps discovered:
D:1:      dpeg_arrival_rhombi, layout_loops_ring, minmay_misc_feat_square,
          chequers_arboretum
D:2:      layout_loops_corners, hex_tiny, minmay_misc_feat_rows,
          serial_bayou_pond_b, minmay_misc_feat_tiny, minivault_25
D:3:      layout_basic, minmay_strange_pillars, uniq_terence
D:4:      kennysheep_big_flooded_room, layout_cave_pools, okawaru_trees_2,
          nicolae_ru_great_annihilating_truth, minmay_temple_entry_wispy,
          chequers_mini_garden, uniq_ijyb, uniq_robin, uniq_eustachio

Skill      XL: |  1  2 |
---------------+-------+-----
Fighting       | 4 |  4.1
Maces & Flails | |  3.6
Armour         | |  2.5
Dodging        | |  1.7

Action                   || total
-------------------------++-------
Melee: Mace              ||   113
  Use: Scroll            ||     5
Armor: Scale mail        ||    38
Dodge: Dodged            ||    70

Table legend: (Time is in decaauts)
 A = Elapsed time spent in this place.
 B = Non-inter-level travel time spent in this place.
 C = Inter-level travel time spent in this place.
 D = Time resting spent in this place.
 E = Time spent auto-exploring this place.
 F = Levels seen in this place.
 G = Mean time per level.
                   A        B        C        D        E       F      G
               +--------+--------+--------+--------+--------+-----+--------+
         Total |   2469 |   2347 |    122 |    162 |   1782 |   4 |  617.2 |
       Dungeon |   2469 |   2347 |    122 |    162 |   1782 |   4 |  617.2 |
               +--------+--------+--------+--------+--------+-----+--------+

Top non-repeatable levels by time:
     D:2: 1323 daAuts
     D:1: 993 daAuts
     D:3: 150 daAuts
     D:4: 1 daAuts
